[Event "Titled Tuesday Blitz March 29 Early 2022"]
[White "Vasquez Schroeder, Rodrigo"]
[Black "Jaferian, Koosha"]
[WhiteFideId "3400042"]
[BlackFideId "12507440"]
[WhiteElo "2561"]
[BlackElo "2030"]
[Result "0-1"]
[Round "04"]
[TimeControl "180+1"]
[Date "2022.03.29"]
[WhiteClock "0:00:28"]
[BlackClock "0:00:07"]

1. e4 c6 2. d4 d5 3. e5 Bf5 4. g4 Be4 5. f3 Bg6 6. e6 fxe6 7. h4 h5 8. Bd3 Bxd3 9. Qxd3 Qd6 10. Qg6+ Kd8 11. g5 e5 12. Qf7 Nd7 13. Ne2 e6 14. dxe5 Nxe5 15. Qxb7 Rb8 16. Qxa7 Nxf3+ 17. Kf2 Ne5 18. Nbc3 Ne7 19. b3 Nf5 20. Kg2 Ng4 21. Nf4 e5 22. Ne6+ Kc8 23. Nxf8 Rxf8 24. Ba3 Rb4 25. Rae1 e4 26. Rh3 Qf4 27. Bxb4 Nfe3+ 28. Qxe3 Nxe3+ 29. Rhxe3 Qf2+ 30. Kh1 Qxh4+ 31. Kg1 Qxg5+ 32. Kh1 Qh4+ 33. Kg1 Qf2+ 34. Kh1 Rf4 35. Be7 Rg4 36. R3e2 Qf3+ 37. Kh2 Qg3+ 38. Kh1 Qh3+ 39. Rh2 Qf3+ 0-1


[Site "https://www.chess.com"]

[Event "Titled Tuesday Blitz March 29 Early 2022"]
[White "Vokhidov, Shamsiddin"]
[Black "Ambartsumova, Karina"]
[WhiteFideId "14204223"]
[BlackFideId "4166299"]
[WhiteElo "2611"]
[BlackElo "2262"]
[Result "1-0"]
[Round "04"]
[TimeControl "180+1"]
[Date "2022.03.29"]
[WhiteClock "0:00:45"]
[BlackClock "0:00:12"]

1. e4 e5 2. Nf3 Nc6 3. Nc3 Nf6 4. Be2 d5 5. exd5 Nxd5 6. O-O Be7 7. Bb5 Nxc3 8. bxc3 Bd6 9. Re1 O-O 10. Bxc6 bxc6 11. Nxe5 Qf6 12. d4 c5 13. Nc4 Bb7 14. Rb1 Rab8 15. Nxd6 cxd6 16. Be3 Qg6 17. f3 c4 18. d5 Ba6 19. Rxb8 Rxb8 20. Bxa7 Ra8 21. Re7 Bb5 22. Qe2 h5 23. Qe4 Qg5 24. Be3 Qf6 25. Bd4 Qg5 26. h4 Qc1+ 27. Kh2 Rxa2 28. Rb7 Ba4 29. Rb8+ 1-0


[Site "https://www.chess.com"]

[Event "Titled Tuesday Blitz March 29 Early 2022"]
[White "Wong, Yinn Long"]
[Black "Xiong, Jeffery"]
[WhiteFideId "5707684"]
[BlackFideId "2047640"]
[WhiteElo "2055"]
[BlackElo "2727"]
[Result "0-1"]
[Round "04"]
[TimeControl "180+1"]
[Date "2022.03.29"]
[WhiteClock "0:00:37"]
[BlackClock "0:01:45"]

1. e4 c6 2. d3 g6 3. Nf3 Bg7 4. g3 e5 5. Bg2 Ne7 6. O-O O-O 7. Re1 d6 8. d4 Bg4 9. dxe5 dxe5 10. h3 Be6 11. b3 Qc7 12. Ba3 a5 13. Nc3 Rd8 14. Qe2 Na6 15. Ng5 Bc8 16. Qc4 Rf8 17. Rad1 Bf6 18. Bd6 Qb6 19. Na4 Qa7 20. Nxf7 Rxf7 21. Bc5 Nxc5 22. Rd8+ Kg7 23. Nxc5 b6 24. Ne6+ Bxe6 25. Rxa8 Qxa8 26. Qxe6 Qd8 27. Bf3 Qd2 28. Rd1 Qxc2 29. Rd7 Qxa2 30. g4 Qa1+ 31. Kg2 Bh4 32. Rd2 Qc3 0-1


[Site "https://www.chess.com"]

[Event "Titled Tuesday Blitz March 29 Early 2022"]
[White "Wu, Sibo"]
[Black "De Souza, Cristiano Gomes"]
[WhiteFideId "8606048"]
[BlackFideId "2151758"]
[WhiteElo "2331"]
[BlackElo "2068"]
[Result "1-0"]
[Round "04"]
[TimeControl "180+1"]
[Date "2022.03.30"]
[WhiteClock "0:00:06"]
[BlackClock "0:00:06"]

1. d4 Nf6 2. Bf4 g6 3. Nc3 d6 4. e4 c6 5. Qd2 b5 6. f3 b4 7. Nce2 a5 8. O-O-O Ba6 9. g4 h5 10. gxh5 Nxh5 11. Bg5 Nd7 12. Kb1 c5 13. dxc5 Nxc5 14. Nd4 Bxf1 15. Rxf1 Qc7 16. Nge2 Bg7 17. Ng3 Rb8 18. Re1 Na4 19. e5 dxe5 20. Nb3 Nc5 21. Nxc5 Qxc5 22. Ne4 Qc6 23. Rd1 Nf6 24. Bxf6 Bxf6 25. Rhe1 O-O 26. Qh6 Bg7 27. Qh4 Rbc8 28. Rc1 Bf6 29. Qh6 Rfd8 30. h4 Bg7 31. Qg5 Qe6 32. h5 Qf5 33. Qxe7 Qxh5 34. Nd6 Rxd6 35. Qxd6 Qf5 36. Qd5 a4 37. Rh1 b3 38. axb3 axb3 39. Qxb3 e4 40. fxe4 Qxe4 41. Rhf1 Qe7 42. Rce1 Qc7 43. Re2 Rb8 44. Rxf7 Kh7 45. Rxc7 Rb4 46. Qxb4 1-0


[Site "https://www.chess.com"]

[Event "Titled Tuesday Blitz March 29 Early 2022"]
[White "Xu, Yi"]
[Black "Piesik, Piotr"]
[WhiteFideId "8605564"]
[BlackFideId "1136194"]
[WhiteElo "2471"]
[BlackElo "2190"]
[Result "1/2-1/2"]
[Round "04"]
[TimeControl "180+1"]
[Date "2022.03.29"]
[WhiteClock "0:00:08"]
[BlackClock "0:00:22"]

1. e4 g6 2. d4 Bg7 3. Nc3 c6 4. f4 d5 5. e5 Nh6 6. Nf3 Bg4 7. Be3 Nf5 8. Bf2 h5 9. Bd3 e6 10. Qe2 h4 11. O-O-O h3 12. g3 Nd7 13. Rdf1 b5 14. Nb1 Qa5 15. a3 b4 16. Bxf5 gxf5 17. Be1 bxa3 18. Bxa5 a2 19. Bb4 a1=Q 20. Ba3 Bf8 21. Qa6 Bxa3 22. Qxa3 Qxa3 23. Nxa3 Bxf3 24. Rxf3 Ke7 25. Rd1 f6 26. Rc3 Rac8 27. b4 fxe5 28. dxe5 c5 29. bxc5 Rxc5 30. Rxc5 Nxc5 31. Nb5 a6 32. Nd6 Rb8 33. Rd4 a5 34. Rd1 a4 35. Kd2 Rb4 36. Kc3 Rb8 37. Rg1 Ne4+ 38. Nxe4 fxe4 39. Ra1 Ra8 40. Ra3 Rc8+ 41. Kd2 Rc4 42. c3 Kf7 43. g4 Kg6 44. Ke3 Kf7 45. f5 exf5 46. gxf5 Ke7 47. Kd2 Kf7 48. Ra1 e3+ 49. Kxe3 Re4+ 50. Kd3 Rxe5 51. Rxa4 Rxf5 52. Rh4 Rf3+ 53. Kd4 Kg6 54. Rh8 Kg5 55. Rg8+ Kh4 56. Rh8+ Kg4 57. Rg8+ Kh4 58. Rh8+ Kg4 59. Rg8+ Kh4 1/2-1/2


[Site "https://www.chess.com"]

[Event "Titled Tuesday Blitz March 29 Early 2022"]
[White "Yang, Kaiqi"]
[Black "Pranav, V"]
[WhiteFideId "8604398"]
[BlackFideId "25060783"]
[WhiteElo "2373"]
[BlackElo "2349"]
[Result "0-1"]
[Round "04"]
[TimeControl "180+1"]
[Date "2022.03.29"]
[WhiteClock "0:00:11"]
[BlackClock "0:00:52"]

1. e4 e5 2. Nf3 Nc6 3. d4 exd4 4. Bc4 Nf6 5. e5 d5 6. Bb5 Ne4 7. Nxd4 Bd7 8. Bxc6 bxc6 9. O-O Bc5 10. f3 Ng5 11. Be3 Bb6 12. f4 Ne4 13. Nd2 c5 14. N4f3 Nxd2 15. Qxd2 d4 16. Bf2 Bc6 17. Bh4 Qd5 18. f5 Kd7 19. e6+ fxe6 20. fxe6+ Kc8 21. Rae1 Kb7 22. Re5 Qxa2 23. b3 Rae8 24. Ng5 d3 25. Bf2 dxc2 26. Nf7 Rhf8 27. Bxc5 Qb2 28. Bxb6 axb6 29. Re2 Rxe6 30. Rxe6 c1=Q 31. Qxc1 Qxg2# 0-1


[Site "https://www.chess.com"]

[Event "Titled Tuesday Blitz March 29 Early 2022"]
[White "Yoo, Christopher Woojin"]
[Black "Kosteniuk, Alexandra"]
[WhiteFideId "30909694"]
[BlackFideId "4128125"]
[WhiteElo "2105"]
[BlackElo "2469"]
[Result "1-0"]
[Round "04"]
[TimeControl "180+1"]
[Date "2022.03.29"]
[WhiteClock "0:01:06"]
[BlackClock "0:00:36"]

1. e4 e5 2. Nf3 Nc6 3. Bc4 Bc5 4. c3 Nf6 5. d4 exd4 6. b4 Bb6 7. e5 d5 8. exf6 dxc4 9. Qe2+ Be6 10. b5 d3 11. Qe4 Na5 12. fxg7 Rg8 13. Qxh7 Kd7 14. Bg5 Qe8 15. O-O a6 16. Nbd2 f5 17. Rae1 axb5 18. Ne5+ Kc8 19. Ng6 Nc6 20. Ne7+ Kd7 21. Rxe6 Kxe6 22. Qxf5+ Kd6 23. Ne4# 1-0


[Site "https://www.chess.com"]

[Event "Titled Tuesday Blitz March 29 Early 2022"]
[White "Abdusattorov, Nodirbek"]
[Black "Le Ruyet, Leopold"]
[WhiteFideId "14204118"]
[BlackFideId "645923"]
[WhiteElo "2990"]
[BlackElo "2516"]
[Result "1-0"]
[Round "05"]
[TimeControl "180+1"]
[Date "2022.03.30"]
[WhiteClock "0:00:54"]
[BlackClock "0:00:11"]

1. e4 e6 2. d4 d5 3. e5 c5 4. c3 Nc6 5. Nf3 Bd7 6. Be2 f6 7. O-O fxe5 8. dxe5 Qc7 9. a4 Nxe5 10. Nxe5 Qxe5 11. Bh5+ g6 12. Bf3 O-O-O 13. Re1 Qc7 14. Na3 a6 15. b4 Bg7 16. bxc5 Bxc3 17. Bd2 Bxa1 18. Qxa1 Ne7 19. Bc3 Rhf8 20. Be5 Qa5 21. Rb1 Nc6 22. Qb2 b6 23. Be2 Nxe5 24. Qxe5 Kb7 25. Rxb6+ Ka8 26. Rxa6+ Qxa6 27. Bxa6 Rb8 28. Nb5 1-0


[Site "https://www.chess.com"]

[Event "Titled Tuesday Blitz March 29 Early 2022"]
[White "Ambartsumova, Karina"]
[Black "Iljin, Timofey"]
[WhiteFideId "4166299"]
[BlackFideId "14110180"]
[WhiteElo "2262"]
[BlackElo "2396"]
[Result "0-1"]
[Round "05"]
[TimeControl "180+1"]
[Date "2022.03.30"]
[WhiteClock "0:00:02"]
[BlackClock "0:00:04"]

1. c4 f5 2. Nf3 Nf6 3. g3 g6 4. Bg2 Bg7 5. O-O O-O 6. d4 d6 7. b3 Qe8 8. Bb2 a5 9. Nbd2 Nc6 10. d5 Nb8 11. Qc2 Na6 12. a3 Bd7 13. e4 fxe4 14. Nxe4 Bf5 15. Nxf6+ Bxf6 16. Qd2 Nc5 17. Nd4 Qf7 18. Nxf5 gxf5 19. Qc2 Bxb2 20. Qxb2 f4 21. b4 Nd3 22. Qd4 Ne5 23. Rae1 f3 24. Bh3 Qh5 25. Be6+ Kh8 26. Re4 Rf6 27. Rh4 Qg5 28. Re1 axb4 29. axb4 h6 30. c5 Ra2 31. cxd6 exd6 32. Qc3 Qd2 33. Qxd2 Rxd2 34. Ra1 Kg7 35. h3 c6 36. Ra7 cxd5 37. Rxb7+ Kg6 38. Bg4 Rd1+ 39. Kh2 Nxg4+ 40. Rxg4+ Kf5 41. Rf4+ Kg6 42. Rg4+ Kf5 43. Rf4+ Ke6 44. Rxf6+ Kxf6 45. g4 Ke5 46. Kg3 Rd3 47. b5 Rb3 48. b6 d4 49. Re7+ Kd5 0-1


[Site "https://www.chess.com"]

[Event "Titled Tuesday Blitz March 29 Early 2022"]
[White "Andreikin, Dmitry"]
[Black "Bortnyk, Olexandr"]
[WhiteFideId "4158814"]
[BlackFideId "14120828"]
[WhiteElo "2736"]
[BlackElo "2723"]
[Result "1/2-1/2"]
[Round "05"]
[TimeControl "180+1"]
[Date "2022.03.29"]
[WhiteClock "0:00:06"]
[BlackClock "0:00:03"]

1. d4 d6 2. e4 Nf6 3. f3 e5 4. dxe5 dxe5 5. Qxd8+ Kxd8 6. Be3 Be6 7. Nd2 Nfd7 8. Bc4 Bxc4 9. Nxc4 Nc6 10. O-O-O Kc8 11. Nh3 f6 12. Nf2 b5 13. Nd2 Bc5 14. Rhe1 a5 15. Nd3 Bxe3 16. Rxe3 a4 17. a3 Rd8 18. Nb1 Nd4 19. Nc3 c6 20. Ne2 Ne6 21. Nb4 Kc7 22. Rc3 Ndc5 23. f4 Rxd1+ 24. Kxd1 Rd8+ 25. Ke1 exf4 26. Nxf4 Nxf4 27. Rxc5 Rd6 28. g3 Ne6 29. Rc3 Ng5 30. Na6+ Kb6 31. Nc5 Rd4 32. e5 fxe5 33. Ke2 Rd5 34. b4 axb3 35. Nxb3 Ne6 36. Re3 g6 37. h4 h5 38. c3 Ng7 39. Nd2 Nf5 40. Rf3 Rd8 41. Ne4 Ra8 42. Nf6 Kc7 43. Nxh5 Rxa3 44. Nf6 Ra2+ 45. Kd3 Rg2 46. Ne4 Kb6 47. h5 Ne7 48. Rf7 gxh5 49. Rxe7 h4 50. gxh4 Rh2 51. Rh7 Rh3+ 52. Kc2 Re3 53. Nf6 Kc5 54. Kd2 Rh3 55. Ne4+ Kc4 56. Nd6+ Kd5 57. Nf5 c5 58. h5 b4 59. cxb4 cxb4 60. h6 Ke6 61. Ne3 Kf6 62. Rb7 Kg5 63. h7 Kg6 64. Ng4 Rxh7 65. Nxe5+ Kh6 66. Rxb4 Re7 67. Rb5 Ra7 68. Ke3 Ra4 69. Nf3 Kg6 70. Nd4 Kf6 71. Ke4 Kg6 72. Rb8 Kg5 73. Rf8 Kg6 74. Ke5 Ra5+ 75. Kd6 Ra6+ 76. Nc6 Kg5 77. Kd5 Kg6 78. Ne5+ Kg5 79. Nc4 Kg6 80. Nd6 Kg5 81. Ke6 Kg4 82. Rf1 Ra5 83. Nf5 Ra6+ 84. Ke5 Ra5+ 85. Ke4 Ra4+ 86. Nd4 Kg5 87. Rf2 Kg6 88. Rb2 Kg5 89. Rb5+ Kg6 90. Ke5 Ra6 91. Kf4 Ra4 92. Rb6+ Kf7 93. Ke4 Ke7 94. Kd5 Ra5+ 95. Nb5 Ra1 96. Re6+ Kd7 97. Rh6 Rd1+ 98. Nd4 Kc7 99. Rh7+ Kb6 100. Rg7 Rd2 101. Rg1 Kc7 102. Rb1 Rd3 103. Ke4 Rh3 104. Nf5 Kc6 105. Ke5 Kc5 106. Rc1+ Kb5 107. Kd5 Rh5 108. Rb1+ Ka5 109. Ke4 Ka4 110. Nd4 Rh4+ 111. Kd5 Ka5 112. Kc4 Ka6 113. Rb2 Ka7 114. Kc5 Rh5+ 115. Kd6 Rh6+ 116. Ne6 1/2-1/2


[Site "https://www.chess.com"]

[Event "Titled Tuesday Blitz March 29 Early 2022"]
[White "Aradhya, Garg"]
[Black "Vokhidov, Shamsiddin"]
[WhiteFideId "25006746"]
[BlackFideId "14204223"]
[WhiteElo "2169"]
[BlackElo "2611"]
[Result "0-1"]
[Round "05"]
[TimeControl "180+1"]
[Date "2022.03.29"]
[WhiteClock "0:00:00"]
[BlackClock "0:00:17"]

1. d4 Nf6 2. c4 e6 3. Nf3 d5 4. Nc3 Bb4 5. Bd2 O-O 6. e3 b6 7. Rc1 Bb7 8. cxd5 exd5 9. Bd3 Re8 10. O-O Bf8 11. Ne5 c5 12. Bb5 Re7 13. f4 a6 14. Ba4 b5 15. Bc2 Nc6 16. Ne2 Rc8 17. Nxc6 Rxc6 18. dxc5 Rxc5 19. Bxh7+ Kxh7 20. Rxc5 Re6 21. Rc2 Ne4 22. Nd4 Rh6 23. Nf5 Rf6 24. Qh5+ Kg8 25. Bc3 Rg6 26. Ng3 Bc5 27. Nxe4 Bxe3+ 28. Kh1 dxe4 29. f5 Rg5 30. Qe2 Qd3 31. Rd1 Qxe2 32. Rxe2 Bc5 33. b4 Bb6 34. Bd4 Bc7 35. f6 Rd5 36. fxg7 f5 37. Red2 f4 38. Bc3 Rg5 39. Rd8+ Kf7 0-1


[Site "https://www.chess.com"]

[Event "Titled Tuesday Blitz March 29 Early 2022"]
[White "Araujo Filho, Luiz Antonio Coel"]
[Black "Aslanov, Umid"]
[WhiteFideId "2130661"]
[BlackFideId "13412620"]
[WhiteElo "2275"]
[BlackElo "1796"]
[Result "0-1"]
[Round "05"]
[TimeControl "180+1"]
[Date "2022.03.30"]
[WhiteClock "0:00:01"]
[BlackClock "0:01:34"]

1. d4 d5 2. Nf3 Nf6 3. e3 c5 4. c3 Nc6 5. Nbd2 Bf5 6. Qa4 a6 7. dxc5 e6 8. b4 Be7 9. Be2 O-O 10. Nd4 Nxd4 11. cxd4 Be4 12. O-O Bg6 13. Qb3 b5 14. Bb2 Qc7 15. a4 bxa4 16. Rxa4 Nd7 17. Rfa1 Rfb8 18. Rxa6 Rxa6 19. Rxa6 Bf6 20. b5 e5 21. Qxd5 exd4 22. exd4 Qf4 23. Nf1 Rd8 24. Rd6 Be4 25. Qb3 Be7 26. Ra6 Bxc5 27. Bc4 Bb6 28. Bc3 Qg5 29. Ng3 Qc1+ 30. Bf1 Bg6 31. Qb2 Qf4 32. Ra2 h5 33. h3 h4 0-1


[Site "https://www.chess.com"]

[Event "Titled Tuesday Blitz March 29 Early 2022"]
[White "Aravindh, Chithambaram VR."]
[Black "Fier, Alexandr"]
[WhiteFideId "5072786"]
[BlackFideId "2107139"]
[WhiteElo "2561"]
[BlackElo "2571"]
[Result "1-0"]
[Round "05"]
[TimeControl "180+1"]
[Date "2022.03.29"]
[WhiteClock "0:00:07"]
[BlackClock "0:00:21"]

1. b3 e5 2. Bb2 Nc6 3. e3 Nf6 4. Bb5 Bd6 5. Na3 Na5 6. Be2 a6 7. Nf3 e4 8. Nd4 Nc6 9. Nf5 Bf8 10. d3 d5 11. dxe4 dxe4 12. Qxd8+ Nxd8 13. Ng3 Bb4+ 14. c3 Be7 15. O-O-O Ne6 16. c4 Nc5 17. Nc2 a5 18. Nd4 O-O 19. Ndf5 Bd8 20. Rd2 b6 21. Rhd1 Bb7 22. f4 exf3 23. gxf3 Re8 24. Rg1 Ne6 25. Nxg7 Kxg7 26. Nh5+ Kh6 27. Nxf6 Bxf6 28. Bxf6 Rg8 29. Rdd1 Rg6 30. Be5 Re8 31. Rg3 f6 32. Rxg6+ Kxg6 33. Bg3 Ng5 34. e4 Bc6 35. Bxc7 Ne6 36. Bxb6 Nf4 37. Bf1 a4 38. Be3 Ne6 39. b4 f5 40. b5 Bb7 41. c5 fxe4 42. c6 Ba8 43. fxe4 Nc7 44. Bc4 Rb8 45. Bf4 Rxb5 46. Bxb5 Nxb5 47. c7 Nxc7 48. Bxc7 Bxe4 49. Rd4 Bc6 50. Rd6+ 1-0


[Site "https://www.chess.com"]

[Event "Titled Tuesday Blitz March 29 Early 2022"]
[White "Atakhan, Abtin"]
[Black "Posthuma, Joshua"]
[WhiteFideId "22502203"]
[BlackFideId "2096889"]
[WhiteElo "2119"]
[BlackElo "2176"]
[Result "0-1"]
[Round "05"]
[TimeControl "180+1"]
[Date "2022.03.29"]
[WhiteClock "0:00:03"]
[BlackClock "0:00:42"]

1. c4 g6 2. g3 Bg7 3. Bg2 c5 4. Nc3 Nc6 5. Nf3 d6 6. d3 Bf5 7. Rb1 Qd7 8. a3 Bh3 9. Bxh3 Qxh3 10. Nd5 Qd7 11. Bd2 e6 12. Nc3 Nge7 13. h4 h6 14. b4 b6 15. b5 Nd4 16. Nh2 d5 17. e3 Ndf5 18. h5 g5 19. g4 Nh4 20. Nf3 d4 21. Ne4 dxe3 22. Bxe3 Ng2+ 23. Ke2 f5 24. Nxc5 bxc5 25. Bxc5 Nf4+ 26. Kf1 Qxd3+ 27. Qxd3 Nxd3 28. Bxe7 Kxe7 29. gxf5 exf5 30. Kg2 Rac8 31. b6 axb6 32. Rxb6 Rhd8 33. Rb7+ Kf8 34. Rhb1 Rxc4 35. Ra7 Nf4+ 36. Kg3 Nxh5+ 37. Kh2 Rc2 38. Rbb7 Rxf2+ 39. Kg1 Rxf3 40. Rf7+ Kg8 0-1


[Site "https://www.chess.com"]

[Event "Titled Tuesday Blitz March 29 Early 2022"]
[White "Avalos Parra, Joao"]
[Black "Di Nicolantonio, Lucas"]
[WhiteFideId "3402541"]
[BlackFideId "680460"]
[WhiteElo "2173"]
[BlackElo "2381"]
[Result "1-0"]
[Round "05"]
[TimeControl "180+1"]
[Date "2022.03.30"]
[WhiteClock "0:00:10"]
[BlackClock "0:00:10"]

1. d4 g6 2. Nc3 Bg7 3. e4 d6 4. f4 a6 5. Nf3 b5 6. Bd3 Nd7 7. e5 c5 8. Be3 Bb7 9. Be4 Bxe4 10. Nxe4 Nh6 11. dxc5 Ng4 12. Qd3 O-O 13. cxd6 exd6 14. Nxd6 Qc7 15. O-O-O Nc5 16. Qe2 Rfd8 17. Bxc5 Qxc5 18. Nb7 Rxd1+ 19. Rxd1 Qb4 20. Rd4 Qe7 21. Nd6 h5 22. h3 Nh6 23. Ng5 Rd8 24. g4 hxg4 25. hxg4 Qa7 26. Qd1 Rd7 27. Kb1 Nxg4 28. Ngxf7 Ne3 29. Qd3 Nxc2 30. Kxc2 Qc5+ 31. Kb1 Rc7 32. Qd2 Qc6 33. a3 Qh1+ 34. Ka2 Rc1 35. Ng5 Ra1+ 36. Kb3 a5 37. Nxb5 a4+ 38. Rxa4 Qb7 39. Qd8+ Bf8 40. Rb4 Rd1 41. Qxd1 Bxb4 42. axb4 Qxb5 43. Qd8+ Kg7 44. Qe7+ Kh8 45. Qh7# 1-0


[Site "https://www.chess.com"]

[Event "Titled Tuesday Blitz March 29 Early 2022"]
[White "Avila Pavas, Santiago"]
[Black "Riehle, Marco"]
[WhiteFideId "4437128"]
[BlackFideId "12904392"]
[WhiteElo "2701"]
[BlackElo "2540"]
[Result "1-0"]
[Round "05"]
[TimeControl "180+1"]
[Date "2022.03.30"]
[WhiteClock "0:00:09"]
[BlackClock "0:00:21"]

1. d4 d5 2. Bf4 h5 3. e3 e5 4. Bxe5 f6 5. Bd3 fxe5 6. Bg6+ Kd7 7. dxe5 c6 8. Nf3 Kc7 9. Nc3 Ne7 10. Bd3 Be6 11. Nd4 Bf7 12. Qf3 Qe8 13. e6 Bg6 14. O-O-O Bxd3 15. cxd3 Na6 16. Qf4+ Kc8 17. Kb1 Qd8 18. Rc1 Qc7 19. Qg5 Nc5 20. Ncb5 cxb5 21. Rxc5 Qxc5 22. Rc1 Qxc1+ 23. Kxc1 a6 24. Qe5 Rg8 25. Qd6 g6 26. Nb3 Nc6 27. Qd7+ Kb8 28. Qf7 Rh8 29. Qf6 Rg8 30. Qf7 Rh8 31. Qf6 Rh7 32. Qxf8+ Ka7 33. Qc5+ Kb8 34. Qd6+ Ka7 35. Nc5 Rc8 36. Kd2 h4 37. Nd7 Rd8 38. Qc7 g5 39. h3 Re7 40. Qd6 Rg7 41. Qxd5 Re7 42. Qd6 Rg7 43. Qc5+ Ka8 44. Qd5 Re7 45. Qd6 Rde8 46. Nc5 Rd8 47. Nd7 Rde8 48. Qc7 Ka7 49. Qb6+ Ka8 50. Nc5 Nb8 51. d4 Rc8 52. Qd6 Ree8 53. d5 Red8 54. Qe7 Re8 55. Qd6 Red8 56. Nd7 Ka7 57. Qb6+ Ka8 58. Qd6 Ka7 59. b4 Nxd7 60. exd7 Rc4 61. Qe7 Rxd7 62. Qxd7 g4 63. hxg4 h3 64. gxh3 a5 65. bxa5 b4 66. Qb5 Rc8 67. Qxb4 b5 68. Qxb5 Rb8 69. Qxb8+ Kxb8 70. h4 1-0


[Site "https://www.chess.com"]

[Event "Titled Tuesday Blitz March 29 Early 2022"]
[White "Bacrot, Etienne"]
[Black "Mkrtchyan, Mariam"]
[WhiteFideId "605506"]
[BlackFideId "13310828"]
[WhiteElo "2877"]
[BlackElo "2507"]
[Result "1-0"]
[Round "05"]
[TimeControl "180+1"]
[Date "2022.03.30"]
[WhiteClock "0:00:06"]
[BlackClock "0:00:04"]

1. e4 c6 2. Nf3 d5 3. Nc3 dxe4 4. Nxe4 Nf6 5. Qe2 Nxe4 6. Qxe4 Be6 7. b3 Nd7 8. Bb2 Nf6 9. Qe2 Bf5 10. O-O-O e6 11. Nh4 Bg6 12. Nxg6 hxg6 13. h4 Be7 14. g3 a5 15. a4 Rb8 16. Bg2 Qd7 17. Qe5 Bd6 18. Qc3 Bb4 19. Qf3 Ke7 20. Kb1 Rhc8 21. h5 gxh5 22. Qe3 b5 23. axb5 Rxb5 24. Bf1 Rf5 25. f3 Rb8 26. Bd3 Rd5 27. Bc4 Rxd2 28. Rxd2 Qxd2 29. Qa7+ Nd7 30. Bxg7 Bc5 31. Qc7 Bd6 32. Qa7 Bc5 33. Qc7 Bd6 34. Qxc6 a4 35. Qxa4 Rb6 36. Bb2 Qe3 37. Rd1 Qxf3 38. Rd3 Qc6 39. Qxc6 Rxc6 40. Bb5 Rc7 41. Bc1 Ne5 42. Re3 Ng4 43. Rd3 Be5 44. Ba4 f5 45. c4 Kf6 46. Rf3 Rh7 47. c5 Rg7 48. c6 Bc7 49. Bb2+ Ne5 50. Re3 Rg4 51. Rxe5 Bxe5 52. c7 Rg8 53. Bd7 Bxb2 54. Kxb2 e5 55. c8=Q Rxc8 56. Bxc8 e4 57. Kc3 Ke5 58. Kd2 f4 59. gxf4+ Kxf4 60. Ke2 h4 61. Bh3 Kg3 62. Bf5 Kf4 63. Bh3 Ke5 64. Ke3 Kd5 65. Bf1 Kc5 66. Kxe4 Kb4 67. Bc4 h3 68. Kf3 h2 69. Kg2 h1=Q+ 70. Kxh1 Kc5 71. Kg1 Kb6 72. Kf1 1-0


[Site "https://www.chess.com"]

[Event "Titled Tuesday Blitz March 29 Early 2022"]
[White "Bashirli, Saadat"]
[Black "Lagunov, Evgenij"]
[WhiteFideId "13429990"]
[BlackFideId "4125363"]
[WhiteElo "1173"]
[BlackElo "2200"]
[Result "0-1"]
[Round "05"]
[TimeControl "180+1"]
[Date "2022.03.30"]
[WhiteClock "0:00:25"]
[BlackClock "0:00:41"]

1. d4 Nf6 2. Bg5 e6 3. e4 h6 4. Bxf6 Qxf6 5. c3 c5 6. Nf3 Nc6 7. Bb5 cxd4 8. cxd4 Be7 9. O-O O-O 10. Nc3 d6 11. d5 Ne5 12. Nxe5 Qxe5 13. Bd3 Bd7 14. Qf3 a6 15. Rac1 Bg5 16. Rcd1 Rac8 17. Qe2 b5 18. a3 Rfe8 19. dxe6 fxe6 20. g3 Bf6 21. f4 Qc5+ 22. Kg2 Bxc3 23. bxc3 Qxc3 24. Qa2 Kh8 25. Rf2 Qc5 26. Rc2 Qh5 27. Rxc8 Rxc8 28. Qb2 Qxd1 29. e5 0-1


[Site "https://www.chess.com"]

[Event "Titled Tuesday Blitz March 29 Early 2022"]
[White "Batsiashvili, Nino"]
[Black "Piliczewski, Bogusz"]
[WhiteFideId "13602993"]
[BlackFideId "1104144"]
[WhiteElo "2192"]
[BlackElo "1896"]
[Result "1-0"]
[Round "05"]
[TimeControl "180+1"]
[Date "2022.03.30"]
[WhiteClock "0:01:12"]
[BlackClock "0:00:07"]

1. d4 d5 2. c4 c6 3. Nf3 Nf6 4. e3 e6 5. Nbd2 Nbd7 6. b3 Bd6 7. Bb2 O-O 8. Bd3 Qe7 9. Ne5 c5 10. O-O cxd4 11. exd4 dxc4 12. Ndxc4 Bxe5 13. dxe5 Nd5 14. Rc1 Qg5 15. Re1 Nf4 16. Be4 Nc5 17. Qf3 Nxe4 18. Rxe4 Ng6 19. Nd6 Bd7 20. Nxb7 Rac8 21. Ree1 Nh4 22. Qg3 Qxg3 23. hxg3 Ng6 24. Nd6 Rc6 25. b4 a6 26. a4 Rxc1 27. Rxc1 Bxa4 28. Rc7 f6 29. exf6 gxf6 30. Ra7 Rd8 31. Rxa6 Bc2 32. Bxf6 Bd3 33. Bxd8 Bxa6 34. b5 Bxb5 35. Nxb5 Ne5 36. f3 Nc6 37. Bb6 Kf7 38. Kf2 Ne7 39. Nd6+ Kf6 40. Bd4+ e5 41. Bb2 Nc6 42. Ne4+ Kf5 43. g4+ Ke6 44. Ng5+ Kf6 45. Nxh7+ Kg6 46. Nf8+ Kf7 47. Nd7 Ke6 48. Nxe5 Nxe5 49. Bxe5 Kxe5 50. Kg3 Kf6 51. f4 Kg6 52. g5 Kf5 53. Kf3 Kg6 54. g4 Kg7 55. Kg3 Kg6 56. Kh4 Kh7 57. f5 Kg7 58. g6 Kh6 59. g5+ Kg7 60. Kh5 Kh8 61. Kh6 Kg8 62. g7 Kf7 63. Kh7 1-0


[Site "https://www.chess.com"]

[Event "Titled Tuesday Blitz March 29 Early 2022"]
[White "Biletskiy, Danylo"]
[Black "Mihailidis, Anastasios"]
[WhiteFideId "14155419"]
[BlackFideId "4205588"]
[WhiteElo "2087"]
[BlackElo "2312"]
[Result "0-1"]
[Round "05"]
[TimeControl "180+1"]
[Date "2022.03.30"]
[WhiteClock "0:01:47"]
[BlackClock "0:02:16"]

1. e4 c5 2. Nf3 d6 3. Bb5+ Bd7 4. Qe2 a6 5. Bxd7+ Qxd7 6. O-O Nf6 7. d4 cxd4 8. Nxd4 Nc6 9. c3 g6 10. f3 Bg7 11. Be3 O-O 12. Nd2 Rac8 13. Nc4 Qc7 14. b3 b5 15. Nd2 Rfd8 16. Rfd1 d5 17. exd5 Nxd5 18. Rac1 Nxe3 19. Qxe3 Nxd4 20. cxd4 Qxc1 21. Rxc1 Rxc1+ 0-1


[Site "https://www.chess.com"]

[Event "Titled Tuesday Blitz March 29 Early 2022"]
[White "Buscar, Michael"]
[Black "Ljukin, Sergei"]
[WhiteFideId "2603616"]
[BlackFideId "14102200"]
[WhiteElo "2010"]
[BlackElo "2312"]
[Result "0-1"]
[Round "05"]
[TimeControl "180+1"]
[Date "2022.03.30"]
[WhiteClock "0:00:57"]
[BlackClock "0:01:08"]

1. Nf3 d5 2. g3 Nc6 3. Bg2 e5 4. d3 Bg4 5. Nbd2 Qd7 6. e4 Nf6 7. h3 Bh5 8. O-O O-O-O 9. Qe1 Nb4 10. Nxe5 Qe8 11. Ndf3 Nxc2 12. Qa5 Nxa1 13. Qxa7 c6 14. Bf4 Bd6 15. Rxa1 Bxf3 16. Nxf3 Bxf4 17. gxf4 dxe4 18. dxe4 Nxe4 19. Ne5 f5 20. Qa8+ Kc7 21. Qa5+ Kb8 22. b4 g5 23. b5 Rd5 24. Nxc6+ Qxc6 25. Rb1 Qc5 26. Qa4 Qxf2+ 27. Kh1 Rd2 28. Rg1 Ng3+ 29. Kh2 Qxf4 0-1


[Site "https://www.chess.com"]